 Dungeon Crawl Stone Soup version 0.31-a0-691-g409c26aa35 (webtiles) character file.

Game seed: 5667620874099598274

2596 javelincjr the Changeling (level 9, -6/132 HPs)
             Began as a Troll Shapeshifter on Sept 6, 2023.
             Was a Believer of Qazlal.
             Mangled by a red devil
             ... wielding a +0 trident
              (17 damage)
             ... on level 9 of the Dungeon.
             The game lasted 00:27:11 (5145 turns).

javelincjr the Changeling (Troll Shapeshifter)      Turns: 5145, Time: 00:27:11

Health: -6/132     AC: -15   Str: 33    XL:     9   Next: 33%
Magic:  10/10      EV: 10    Int:  6    God:    Qazlal [**....]
Gold:   367        SH:  2    Dex:  7    Spells: 8/8 levels left

rFire   . . .        s - +8 spear "Xuasag" {flame, Str+5 Dex-2}
rCold   . . .        (no shield)
rNeg    . . .        x - +0 animal skin
rPois   .            (helmet currently unavailable)
rElec   .            m - melded scarf {harm}
rCorr   .            (gloves unavailable)
SInv    .            (boots unavailable)
Will    +....        t - amulet of regeneration Stlth
                     l - +4 ring of protection
HPRegen 2.02/turn    p - ring of willpower
MPRegen 0.12/turn

%: no passive effects
@: mighty, berserking (expiring), beast-form, spiked, corroded, very quick
A: beast (slay +3), large, unfitting armour, claws 3, regeneration 1, shaggy fur
1, tough skin 1
a: Begin Untransformation, Renounce Religion, Upheaval


You were on level 9 of the Dungeon.
You worshipped Qazlal.
Qazlal was pleased with you.
You were a hulking beast.
You visited 2 branches of the dungeon, and saw 9 of its levels.

You collected 532 gold pieces.
You spent 165 gold pieces at shops.

Inventory:

Hand Weapons
 a - a +1 heavy sling
 s - the +8 spear "Xuasag" (weapon) {flame, Str+5 Dex-2}
   (You found it on level 5 of the Dungeon)

   Str+5:     It affects your strength (+5).
   Dex-2:     It affects your dexterity (-2).
 J - a +0 halberd
Missiles
 g - a boomerang
 o - 4 atropa-tipped darts
 y - 10 poisoned darts
Armour
 m - a scarf of harm (melded)
 x - a +0 animal skin (worn)
 C - a +0 robe of positive energy
Jewellery
 l - a +4 ring of protection (left claw)
 p - a ring of willpower (right claw)
 t - an amulet of regeneration (around neck)
 z - a ring of resist corrosion
 E - a ring of ice
Talismans
 c - a beast talisman (active)
 d - a flux talisman
Wands
 H - a wand of polymorph (10)
Scrolls
 e - 8 scrolls of identify {unknown}
 i - 4 scrolls of teleportation {unknown}
 k - 2 scrolls of poison {unknown}
 q - 2 scrolls of amnesia {unknown}
 r - a scroll of summoning {unknown}
 u - a scroll of fear {unknown}
 v - a scroll of vulnerability {unknown}
 w - 2 scrolls of immolation {unknown}
 B - 3 scrolls of noise {unknown}
 D - 2 scrolls of enchant weapon {unknown}
 K - a scroll of blinking {unknown}
Potions
 b - 2 potions of lignification
 f - 3 potions of curing
 h - a potion of cancellation {unknown}
 j - 3 potions of mutation {unknown}
 n - a potion of degeneration {unknown}
 A - a potion of enlightenment {unknown}
 G - a potion of berserk rage
 I - a potion of attraction {unknown}


   Skills:
 * Level 5.2 Fighting
 + Level 1.2 Polearms
 + Level 3.4 Armour
 + Level 4.2 Dodging
 + Level 5.4 Unarmed Combat
 + Level 3.1 Invocations
 * Level 6.5 Shapeshifting


You had 8 spell levels left.
You didn't know any spells.
Your spell library contained the following spells:

 Spells                   Type           Power      Damage    Failure   Level
 Apportation              Tloc           0%         N/A       45%         1
 Necrotise                Necr           0%         1d4       45%         1
 Summon Small Mammal      Summ           0%         N/A       45%         1
 Cigotuvi's Dreadful Rot  Necr/Pois/Air  0%         N/A       58%         2
 Scorch                   Fire           0%         2d5       58%         2
 Dazzling Flash           Conj/Hex       0%         N/A       83%         3
 Ignite Poison            Fire/Tmut/Pois 0%         N/A       83%         3
 Flame Wave               Conj/Fire      0%         2d4       99%         4
 Agony                    Necr           0%         N/A       100%        5
 Freezing Cloud           Conj/Ice/Air   0%         6-21      100%        5
 Silence                  Hex/Air        0%         N/A       100%        5
 Summon Forest            Summ/Tloc      0%         N/A       100%        5
 Summon Mana Viper        Hex/Summ       0%         N/A       100%        5
 Summon Cactus Giant      Summ           0%         N/A       100%        6


Dungeon Overview and Level Annotations

Branches:
Dungeon (7/15)             Temple (1/1) D:4

Altars:
Ashenzari
Cheibriados
Dithmenos
Fedhas
Gozag
Kikubaaqudgha
Makhleb
Nemelex Xobeh
Okawaru
Qazlal
Ru
Sif Muna
Trog
Uskayaw
Vehumet
Wu Jian
Xom
Yredelemnul
The Shining One

Shops:
D:6 **=*!(   D:7 (

Annotations:
D:6 3 runed translucent doors, 0gre's ghost, novice DsFi


Innate Abilities, Weirdness & Mutations

You are a hulking beast.
Your limbs bulge with bestial killing power. (Slay +3)
You are too large for most types of armour.
You have claws for hands.
Your natural rate of healing is unusually fast.
You are covered in fur. (AC +1)
You have tough skin. (AC +1)


Message History

The rust devil is moderately wounded.
The rust devil hits you. The rust devil corrodes you!
You hit the rust devil but do no damage.
The rust devil is moderately wounded.
The red devil hits you from afar with a +0 trident!!
Barbed spikes become lodged in your body.
You puncture the rust devil!
The rust devil is heavily wounded.
The rust devil hits you! The rust devil corrodes you!
The red devil hits you from afar with a +0 trident!
Barbed spikes become lodged in your body.
You hit the rust devil.
The rust devil is heavily wounded.
The smoke demon gestures at you.
The ball of steam hits the red devil.
The red devil resists.
The ball of steam hits the rust devil.
The rust devil resists.
The ball of steam hits you!!
* * * LOW HITPOINT WARNING * * *
The rust devil barely misses you.
Okay, then.
You hit the rust devil but do no damage.
The rust devil is heavily wounded.
The red devil hits you from afar with a +0 trident!!
* * * LOW HITPOINT WARNING * * *
Barbed spikes become lodged in your body.
You hit the rust devil but do no damage.
The rust devil is heavily wounded.
The rust devil barely misses you.
The red devil hits you from afar with a +0 trident.
* * * LOW HITPOINT WARNING * * *
Barbed spikes become lodged in your body.
You closely miss the rust devil. Your claw misses the rust devil.
The rust devil is heavily wounded.
The rust devil hits you.
* * * LOW HITPOINT WARNING * * *
The rust devil corrodes you!
You hit the rust devil.
The rust devil is severely wounded.
The red devil hits you from afar with a +0 trident!
You die...

#.####........≈~~
#.# #.#######~≈.
#.# ### ~~≈ #.# ≈
....# #.# .....
#.# ≈....## #.#
#.....# #§#
##≈...# ###h#
≈#....# #44§#
.#....# ####4###
?4≈...#####...3#
.##≈.[.3....####
S.§...#######
≈#....# ≈≈....#
≈....##


You could see a hellwing, a rust devil, a smoke demon and a red devil.

Vanquished Creatures
  Pikel (D:6)
  A steam dragon (D:9)
  2 water moccasins
  An orc warrior (D:7)
  A black bear (D:4)
  A centaur (D:6)
  A phantom (D:7)
  Blork the orc (D:6)
  2 bullfrogs
  A gnoll sergeant (D:7)
  An electric eel (D:6)
  6 howler monkeys
  3 jellies
  2 hounds
  3 orc priests
  A gnoll bouda (D:6)
  2 sleepcaps
  4 iguanas
  4 orc wizards
  17 gnolls
  10 adders
  A shadow imp (D:6)
  A white imp (D:5)
  An ufetubus (D:4)
  A worm (D:3)
  4 dart slugs
  29 orcs
  4 ball pythons
  6 endoplasms
  A giant cockroach (D:4)
  10 goblins
  8 hobgoblins
  4 jackals (D:1)
  9 kobolds
  2 quokkas
  4 bats
  3 rats
153 creatures vanquished.

Notes
Turn   | Place    | Note
-------+----------+-------------------------------------------
     0 | D:1      | javelincjr the Troll Shapeshifter began the quest for the
                  | Orb.
     0 | D:1      | Reached XP level 1. HP: 18/18 MP: 0/0
   111 | D:1      | Reached skill level 1 in Fighting
   170 | D:1      | Reached XP level 2. HP: 21/27 MP: 1/1
   213 | D:1      | Found a faded altar of an unknown god.
   340 | D:1      | Reached XP level 3. HP: 33/33 MP: 2/2
  1522 | D:2      | Reached XP level 4. HP: 22/42 MP: 3/3
  1699 | D:3      | Reached XP level 5. HP: 49/49 MP: 4/4
  1881 | D:3      | Found a basalt altar of Yredelemnul.
  1927 | D:3      | Reached skill level 1 in Armour
  2371 | D:4      | Reached skill level 4 in Shapeshifting
  2433 | D:4      | Noticed a black bear
  2439 | D:4      | Killed a black bear
  2440 | D:4      | Reached XP level 6. HP: 59/59 MP: 5/5
  2654 | D:4      | Found a staircase to the Ecumenical Temple.
  2716 | Temple   | Entered the Ecumenical Temple
  2745 | Temple   | Became a worshipper of Qazlal Stormbringer
  3034 | D:5      | Entered Level 5 of the Dungeon
  3108 | D:5      | Reached XP level 7. HP: 67/67 MP: 6/6
  3217 | D:5      | Identified the +8 spear "Xuasag" {flame, Str+5 Dex-2}
  3240 | D:5      | Reached skill level 1 in Invocations
  3366 | D:5      | Found a shimmering altar of Xom.
  3442 | D:5      | Reached * piety under Qazlal
  3475 | D:5      | Found a sparkling altar of Nemelex Xobeh.
  3771 | D:6      | Found an iron altar of Okawaru.
  3787 | D:6      | Found a glowing golden altar of the Shining One.
  3832 | D:6      | Found a snail-covered altar of Cheibriados.
  3841 | D:6      | Reached skill level 5 in Shapeshifting
  3868 | D:6      | Found Atyulur's Distillery.
  3873 | D:6      | Found Feesk's Assorted Antiques.
  3873 | D:6      | Found Man Rurgha's Antique Weapon Emporium.
  3873 | D:6      | Noticed Pikel
  3883 | D:6      | Found Alojoppe's General Store.
  3883 | D:6      | Found Sihaneq's General Store.
  3883 | D:6      | Found Nalomeb's Jewellery Shoppe.
  3890 | D:6      | Reached XP level 8. HP: 61/78 MP: 8/8
  3898 | D:6      | Killed Pikel
  3903 | D:6      | Bought a potion of might for 44 gold pieces
  3903 | D:6      | Bought 2 potions of curing for 66 gold pieces
  3903 | D:6      | Bought a potion of berserk rage for 55 gold pieces
  4006 | D:6      | Noticed Blork the orc
  4012 | D:6      | Killed Blork the orc
  4013 | D:6      | Reached skill level 5 in Unarmed Combat
  4013 | D:6      | Found a sacrificial altar of Ru.
  4062 | D:6      | Found a shadowy altar of Dithmenos.
  4128 | D:6      | Reached skill level 6 in Shapeshifting
  4304 | D:6      | Found a bloodstained altar of Trog.
  4399 | D:6      | Found a runed translucent gate.
  4399 | D:6      | Found a runed translucent gate.
  4399 | D:6      | Found a runed translucent gate.
  4400 | D:6      | Noticed 0gre's ghost (novice DsFi)
  4416 | D:7      | Found Douluavva's Antique Weapon Emporium.
  4552 | D:7      | Reached XP level 9. HP: 76/87 MP: 8/10
  4759 | D:7      | Reached skill level 5 in Fighting
  4800 | D:7      | Reached ** piety under Qazlal
  4801 | D:7      | Reached skill level 1 in Polearms
  5065 | D:7      | You fall into a shaft and drop 2 floors!
  5119 | D:9      | Noticed a rust devil
  5120 | D:9      | Noticed a smoke demon
  5121 | D:9      | Noticed a red devil
  5121 | D:9      | Noticed a hellwing
  5145 | D:9      | Mangled by a red devil

Illustrated notes

Levels and vault maps discovered:
D:1:      dpeg_arrival_short_road, layout_loops_ring,
          hellmonk_ecumenical_altar_lost_god, st_stairs_11
D:2:      layout_basic
D:3:      layout_basic, mainiacjoe_overflow_cross_hatched, st_stairs_12,
          grunt_ministairs_2, hangedman_decor_riveting, dk_noncrumbling_2,
          kennysheep_cross_room
D:4:      layout_loops_ring, minmay_temple_entry_enclosed_plants,
          nzn_random_ring
D:5:      layout_basic, marbit_many_paths, lemuel_doored_altar
D:6:      layout_loops_ring, mainiacjoe_overflow_surrounded_room,
          tso_metal_star, trog_three_pillars_becter, nicolae_ru_awakened_eye,
          grunt_temple_overflow_open, ebering_ghost_rock_garden,
          nicolae_shop_national_dungeon_mall, uniq_blork_the_orc, uniq_pikel
D:7:      layout_loops_corners, serial_shops, shop
D:9:      layout_basic, nzn_hepliaklqana_mist_gate, zin_statuary,
          chequers_serial_rivers_large_a, grunt_ogre_cave,
          dreamdust_princess_corridor, nicolae_where_there's_smoke
Temple:   zaba_magenta_temple

Skill      XL: |  1  2  3  4  5  6  7  8  9 |
---------------+----------------------------+-----
Fighting       | 1 2 3 4 5 |  5.2
Dodging        | 2 3 4 |  4.2
Armour         | 1 2 3 |  3.4
Shapeshifting  | 4 5 6 |  6.5
Unarmed Combat | 4 5 |  5.4
Invocations    | 1 2 3 |  3.1
Polearms       | 1 |  1.2

Action                     |  1- 3 |  4- 6 |  7- 9 || total
---------------------------+-------+-------+-------++-------
  Melee: Unarmed           |    83 |   122 |    12 ||   217
         Punch             |     1 |     2 |     3 ||     6
         Spear             |       |       |   166 ||   166
   Fire: Sling             |       |     6 |     1 ||     7
Ability: Begin Untransform |     1 |       |       ||     1
    Use: Potion            |       |       |     2 ||     2
   Stab: Sleeping          |     1 |       |       ||     1
 Armour: Animal skin       |    81 |    74 |   120 ||   275
  Dodge: Dodged            |    67 |    53 |    70 ||   190
  Block: Other             |       |       |     6 ||     6
   Form: Beast             |     1 |       |       ||     1

Table legend: (Time is in decaauts)
 A = Elapsed time spent in this place.
 B = Non-inter-level travel time spent in this place.
 C = Inter-level travel time spent in this place.
 D = Time resting spent in this place.
 E = Time spent auto-exploring this place.
 F = Levels seen in this place.
 G = Mean time per level.
                   A        B        C        D        E       F      G
               +--------+--------+--------+--------+--------+-----+--------+
         Total |   5149 |   4864 |    285 |     17 |   3689 |   9 |  572.1 |
       Dungeon |   5091 |   4806 |    285 |     17 |   3689 |   8 |  636.4 |
        Temple |     57 |     57 |      0 |      0 |      0 |   1 |   57.0 |
               +--------+--------+--------+--------+--------+-----+--------+

Top non-repeatable levels by time:
     D:4: 901 daAuts
     D:6: 829 daAuts
     D:2: 791 daAuts
     D:1: 716 daAuts
     D:7: 647 daAuts
     D:3: 605 daAuts
     D:5: 522 daAuts
     D:9: 78 daAuts
  Temple: 57 daAuts
